AoeStats
← PepePompinn4300

African Clearing

506797346Analyzed
4v4 RM · 18d ago on Sep 15, 2026· 44m 51s· 8 players
Game mode
Random Map
Map size
Large (8 player)
Population
200
Speed
Normal
Resources
Standard
Victory
Conquest
Starting age
Dark Age
Ending age
Imperial Age
RankedLock teamsTeams togetherTeam positionsShared explorationLock speedFull tech treeHidden civsTurbo modeCheats
Victory
Defeat
🇺🇸 Bengalis · United States
1620
+12
🇦🇷 Mongols · Argentina
1581
+14
🇨🇳 Georgians · China
1559
+15
🇵🇪 Ethiopians · Peru
1391
+21
🇻🇳 Mongols · Vietnam
1579
-18
🇮🇳 Tupi · India
1550
-16
🇹🇼 Burgundians · Taiwan
1521
-15
🇮🇳 Khmer · India
1464
-13
kerwin
7:03 Loom
13:31 Feudal Age
14:55 Double-Bit Axe
17:29 Castle Age
15:56 Horse Collar
16:29 Gold Mining
18:32 Bow Saw
19:43 Fletching
20:21 Town Watch
22:06 Bodkin Arrow
25:22 Padded Archer Armor
26:25 Wheelbarrow
27:24 Ballistics
27:57 Heavy Plow
27:47 Stone Mining
33:00 Imperial Age
32:47 Hand Cart
34:03 Gold Shaft Mining
33:47 Bracer
34:34 Conscription
36:08 Chemistry
36:28 Curare
37:40 Scale Mail Armor
37:55 Leather Archer Armor
39:19 Scale Mail Armor
39:30 Forging
39:05 Pikeman
39:45 Squires
39:31 Arson
40:33 Halberdier
41:29 Chain Mail Armor
41:25 Forging
43:40 Plate Mail Armor
43:46 Iron Casting
Bis
3:31 Loom
13:38 Feudal Age
19:36 Castle Age
18:05 Double-Bit Axe
18:01 Horse Collar
19:09 Fletching
24:00 Bodkin Arrow
25:10 Padded Archer Armor
28:09 Heavy Plow
28:19 Bow Saw
28:28 Bow Saw
30:36 Fishing Lines
33:14 Wheelbarrow
35:11 Gold Mining
38:03 Imperial Age
35:49 Hand Cart
35:39 Stone Mining
35:35 Town Watch
37:30 Gold Shaft Mining
37:48 Leather Archer Armor
38:25 Elite Mangudai
39:33 Conscription
39:49 Ballistics
39:42 Bracer
40:39 Parthian Tactics
40:42 Thumb Ring
41:29 Stone Shaft Mining
40:47 Capped Ram
41:41 Nomads
42:38 Husbandry
42:49 Bloodlines
adi.rathore
9:23 Loom
11:47 Feudal Age
12:29 Double-Bit Axe
16:42 Scale Barding Armor
19:20 Forging
20:48 Bloodlines
24:13 Castle Age
24:40 Light Cavalry
25:42 Chain Barding Armor
25:25 Husbandry
31:17 Wheelbarrow
33:39 Iron Casting
44:57 Imperial Age
鼠條
5:56 Double-Bit Axe
11:17 Loom
14:39 Feudal Age
18:46 Castle Age
18:24 Bow Saw
21:29 Wheelbarrow
22:09 Two-Man Saw
20:53 Horse Collar
22:49 Town Watch
26:52 Horse Collar
35:51 Caravan
36:21 Coinage
37:58 Hand Cart
Lastmantillidie
11:49 Loom
14:08 Feudal Age
18:35 Castle Age
16:53 Double-Bit Axe
18:14 Fishing Lines
20:01 Bow Saw
20:52 Gillnets
22:41 Horse Collar
23:32 Heavy Plow
26:09 Wheelbarrow
25:21 Town Watch
26:28 Gold Mining
27:58 Hand Cart
27:53 Stone Mining
29:25 Fervor
33:07 Imperial Age
30:57 Fletching
31:46 Gold Shaft Mining
31:07 Treadmill Crane
32:14 Bodkin Arrow
32:33 Padded Archer Armor
33:07 Ballistics
32:57 Scale Barding Armor
33:05 Forging
33:35 Paiks
34:03 Leather Archer Armor
33:53 Bracer
35:02 Two-Man Saw
34:57 Conscription
34:53 Guilds
34:13 Elite Ratha (Ranged)
35:38 Ring Archer Armor
34:50 Siege Elephant
36:08 Chain Barding Armor
36:57 Chemistry
36:03 Siege Engineers
36:12 Bloodlines
36:03 Husbandry
37:52 Mahayana
38:33 Masonry
39:00 Plate Barding Armor
39:03 Iron Casting
44:06 Murder Holes
44:41 Architecture
CURITA1000
3:07 Loom
13:00 Feudal Age
13:46 Double-Bit Axe
22:31 Castle Age
20:29 Fletching
21:59 Padded Archer Armor
21:53 Gold Mining
23:27 Bow Saw
23:00 Crossbowman
23:37 Bodkin Arrow
29:36 Ballistics
33:11 Squires
PepePompinn4300
8:03 Loom
13:53 Feudal Age
17:52 Castle Age
16:15 Double-Bit Axe
18:35 Fletching
22:17 Bodkin Arrow
22:32 Bow Saw
23:14 Horse Collar
25:28 Fishing Lines
28:29 Heavy Plow
30:07 Wheelbarrow
30:30 Ballistics
34:20 Padded Archer Armor
37:35 Imperial Age
36:22 Hand Cart
35:58 Gold Mining
36:10 Husbandry
37:29 Leather Archer Armor
37:22 Thumb Ring
38:21 Gold Shaft Mining
38:27 Bloodlines
38:19 Bracer
39:32 Chemistry
39:36 Drill
38:43 Capped Ram
40:21 Parthian Tactics
39:36 Siege Ram
40:54 Conscription
41:06 Elite Mangudai
44:35 Hoardings
大空魔术师
11:05 Feudal Age
11:59 Double-Bit Axe
12:29 Loom
16:40 Forging
17:20 Wheelbarrow
21:04 Castle Age
20:18 Horse Collar
21:46 Bloodlines
21:42 Scale Barding Armor
21:06 Light Cavalry
23:46 Bow Saw
27:42 Padded Archer Armor
28:21 Chain Barding Armor
28:52 Heavy Plow
31:23 Hand Cart
31:42 Gold Mining
32:17 Husbandry
33:06 Forging
34:34 Scale Mail Armor
37:05 Imperial Age
35:21 Gold Mining
35:22 Stone Mining
35:07 Pikeman
35:47 Squires
35:32 Arson
36:08 Chain Mail Armor
36:29 Iron Casting
36:11 Town Watch
36:27 Fletching
37:46 Stone Shaft Mining
37:13 Halberdier
38:24 Plate Mail Armor
38:17 Ballistics
38:31 Svan Towers
38:48 Conscription
38:34 Guard Tower
39:13 Bodkin Arrow
40:35 Crop Rotation
41:24 Blast Furnace
40:27 Bracer
40:18 Arrowslits
42:51 Blast Furnace
42:52 Chemistry
41:38 Treadmill Crane
42:32 Masonry
43:44 Keep
43:20 Masonry
42:51 Treadmill Crane
43:48 Aznauri Cavalry
44:27 Treadmill Crane
Connection lost

Rejoining the realm…

Still unreachable

The connection could not be restored.

Session expired

The server has moved on; the page needs a fresh start.